 Dungeon Crawl Stone Soup version 0.30.0-17-ge0270778cf (webtiles) character file.

Game seed: 10216333942298471284

1379 Groucho the Shooter (level 8, 0/63 HPs)
             Began as a Spriggan Hunter on May 21, 2023.
             Was a Believer of Qazlal.
             Slain by a killer bee (4 damage)
             ... on level 7 of the Dungeon.
             The game lasted 00:14:12 (5821 turns).

Groucho the Shooter (Spriggan Hunter)               Turns: 5821, Time: 00:14:12

Health: 0/63       AC:  5    Str:  7    XL:     8   Next: 39%
Magic:  12/12      EV: 21    Int: 11    God:    Qazlal [**....]
Gold:   195        SH:  2    Dex: 20    Spells: 11/11 levels left

rFire   . . .        a - +0 shortbow
rCold   . . .        (shield currently unavailable)
rNeg    . . .        k - +1 robe {Will+}
rPois   .            (helmet restricted)
rElec   .            w - +1 cloak
rCorr   .            (gloves unavailable)
SInv    +            (boots unavailable)
Will    ++...        (no amulet) Stlth
                     (no ring)
HPRegen 0.30/turn    (no ring)
MPRegen 0.13/turn

%: no passive effects
@: berserking, lethally poisoned (0 -> -3), very quick
A: very small, no large weapons, unfitting armour, see invisible, speed 3
a: Renounce Religion, Upheaval


You were on level 7 of the Dungeon.
You worshipped Qazlal.
Qazlal was pleased with you.
You visited 1 branch of the dungeon, and saw 7 of its levels.
You also visited: Ossuary.

You collected 557 gold pieces.
You spent 362 gold pieces at shops.

Inventory:

Hand Weapons
 a - a +0 shortbow (weapon)
Armour
 k - a +1 robe of willpower (worn)
 w - a +1 cloak (worn)
Jewellery
 q - an amulet of regeneration
Wands
 c - a wand of paralysis (7)
 t - a wand of roots (4)
 y - a wand of mindburst (9)
Scrolls
 b - a scroll of immolation
 d - 2 scrolls of enchant weapon
 e - 2 scrolls of identify
 f - a scroll of amnesia {unknown}
 g - 4 scrolls of teleportation
 h - 3 scrolls of poison
 l - 3 scrolls of noise
 m - a scroll of fear {unknown}
 n - 4 scrolls of torment
 p - a scroll of blinking {unknown}
 r - 3 scrolls of fog
 s - a scroll of vulnerability {unknown}
Potions
 i - a potion of invisibility
 j - 2 potions of brilliance {unknown}
 o - 2 potions of might {unknown}
 u - 2 potions of flight
 v - a potion of ambrosia {unknown}
 x - 2 potions of attraction {unknown}
 z - a potion of resistance {unknown}
 A - a potion of haste
 B - 2 potions of berserk rage
 C - a potion of heal wounds


   Skills:
 + Level 3.9 Fighting
 * Level 7.6 Ranged Weapons
 + Level 6.5 Dodging
 - Level 1.5 Stealth
 + Level 2.1 Spellcasting
 + Level 3.7 Invocations
 + Level 2.3 Evocations


You had 11 spell levels left.
You didn't know any spells.
Your spell library contained the following spells:

 Spells                   Type           Power      Damage    Failure   Level
 Kiss of Death            Conj/Necr      4%         2d5       28%         1
 Magic Dart               Conj           4%         1d3       28%         1
 Poisonous Vapours        Pois/Air       2%         N/A       41%         2
 Searing Ray              Conj           2%         2d4       41%         2
 Confusing Touch          Hex            1%         N/A       65%         3
 Dazzling Flash           Conj/Hex       2%         N/A       65%         3
 Mephitic Cloud           Conj/Pois/Air  1%         N/A       65%         3
 Summon Guardian Golem    Hex/Summ       1%         N/A       65%         3
 Volatile Blastmotes      Fire/Tloc      2%         2d10      65%         3
 Dispel Undead            Necr           1%         3d6       96%         4
 Fulminant Prism          Conj/Hex       0%         3d5       96%         4
 Iskenderun's Mystic Bla  Conj/Tloc      1%         2d3       96%         4
 Freezing Cloud           Conj/Ice/Air   0%         6-21      100%        5
 Starburst                Conj/Fire      0%         6d3       100%        6
 Orb of Destruction       Conj           0%         9d5       100%        7
 Spellforged Servitor     Conj/Summ      0%         N/A       100%        7


Dungeon Overview and Level Annotations

Branches:
Dungeon (7/15)             Temple (0/1) D:4         Ossuary (visited)

Altars:
Qazlal
Uskayaw
Wu Jian

Shops:
D:1 !   D:5 !*[


Innate Abilities, Weirdness & Mutations

You are very small and have problems with some larger weapons.
You are too small for most types of armour.
You have supernaturally acute eyesight. (SInv)
You cover ground extremely quickly. (Speed+++)


Message History

You are poisoned.
The killer bee poisons you! The killer bee misses you.
The killer bee completely misses you. The killer bee stings you.
You barely miss the killer bee.
You feel very sick.
The killer bee is engulfed in freezing vapours.
The killer bee misses you. The killer bee stings you!
* * * LOW HITPOINT WARNING * * *
The killer bee is engulfed in freezing vapours.
The killer bee misses you.
Unknown command.
Unknown command.
You are too berserk!
You clumsily bash the killer bee.
The killer bee is almost dead.
You feel sick. The killer bee closely misses you.
The killer bee stings you but does no damage.
The killer bee is engulfed in freezing vapours.
You kill the killer bee!
Qazlal accepts your kill. The killer bee barely misses you.
The killer bee closely misses you.
Unknown command.
You closely miss the killer bee.
The killer bee is almost dead.
You feel sick. The killer bee completely misses you.
The killer bee stings you but does no damage.
The killer bee closely misses you. The killer bee misses you.
Unknown command.
Unknown command.
You hit the killer bee!
You kill the killer bee!
Qazlal accepts your kill.
You feel sick.
The killer bee is engulfed in freezing vapours.
The killer bee stings you.
* * * LOW HITPOINT WARNING * * *
The killer bee barely misses you.
The killer bee is engulfed in freezing vapours.
The killer bee stings you.
You die...

## # .# #.<.#
...
#####'#'#####
#y.†'...'...#
#°y)# #)<.#
#@y.+..c'...#
#####l..#####
..y. ... .y #


You could see 3 killer bees.

Vanquished Creatures
  A water moccasin (D:5)
  2 centaurs (D:7)
  A phantom (D:5)
  A bullfrog (D:6)
  4 scorpions
  2 wights (D:7)
  2 killer bees (D:7)
  A jelly (D:5)
  3 iguanas
  Crazy Yiuf (D:2)
  2 hounds
  Terence (D:3)
  2 orc wizards (D:5)
  Robin (D:3)
  8 mummies (Ossuary)
  5 gnolls
  2 adders (D:5)
  24 orcs
  6 ball pythons
  4 bats
  6 endoplasms
  3 giant cockroaches
  17 goblins
  7 hobgoblins
  7 jackals
  3 quokkas
  2 frilled lizards (D:1)
  2 gnoll zombies (Ossuary)
  A hobgoblin zombie (Ossuary)
  7 kobolds
  A kobold zombie (Ossuary)
  4 orc zombies (Ossuary)
  3 rats
136 creatures vanquished.

Notes
Turn   | Place    | Note
-------+----------+-------------------------------------------
     0 | D:1      | Groucho the Spriggan Hunter began the quest for the Orb.
     0 | D:1      | Reached XP level 1. HP: 10/10 MP: 2/2
    32 | D:1      | Found Qopiz's Distillery.
    52 | D:1      | Bought a potion of degeneration for 11 gold pieces
   102 | D:1      | Reached XP level 2. HP: 15/15 MP: 3/3
   239 | D:1      | Found a faded altar of an unknown god.
   526 | D:1      | Bought a potion of curing for 33 gold pieces
   567 | D:2      | Reached XP level 3. HP: 18/18 MP: 4/4
   775 | D:2      | Reached XP level 4. HP: 23/23 MP: 5/5
  1474 | D:3      | Noticed Robin
  1486 | D:2      | Reached skill level 5 in Ranged Weapons
  1633 | D:3      | Found a stormy altar of Qazlal.
  1687 | D:3      | Became a worshipper of Qazlal Stormbringer
  1879 | D:3      | Noticed Terence
  1896 | D:3      | Killed Terence
  1984 | D:3      | Killed Robin
  1987 | D:3      | Reached XP level 5. HP: 18/27 MP: 6/6
  2064 | D:3      | Found an ornate altar of the Wu Jian Council.
  2259 | D:3      | Found a runed translucent door.
  2262 | D:3      | Noticed Crazy Yiuf
  2335 | D:2      | Killed Crazy Yiuf
  2336 | D:2      | Reached skill level 1 in Invocations
  2442 | D:4      | Found a staircase to the Ecumenical Temple.
  2639 | D:4      | Reached * piety under Qazlal
  3083 | D:4      | Reached XP level 6. HP: 32/32 MP: 8/8
  3085 | D:4      | Found a hide-covered altar of Uskayaw.
  3249 | D:4      | Found a sand-covered staircase.
  3253 | Ossuary  | Entered an ossuary
  3294 | Ossuary  | Reached skill level 6 in Ranged Weapons
  3332 | Ossuary  | Reached skill level 5 in Dodging
  3645 | D:5      | Entered Level 5 of the Dungeon
  3739 | D:5      | Noticed a water moccasin
  3804 | D:5      | Killed a water moccasin
  3805 | D:5      | Reached XP level 7. HP: 17/36 MP: 9/9
  4132 | D:5      | Found Eximnug's Antique Armour Shop.
  4142 | D:5      | Bought a runed robe for 114 gold pieces
  4761 | D:5      | Reached ** piety under Qazlal
  4762 | D:5      | Reached skill level 7 in Ranged Weapons
  4860 | D:5      | Found Ugosuade's Assorted Antiques.
  4867 | D:5      | Found Wabyom's Distillery.
  4868 | D:5      | Bought a bone wand for 116 gold pieces
  4890 | D:5      | Bought a potion of flight for 33 gold pieces
  4890 | D:5      | Bought a potion of heal wounds for 55 gold pieces
  5336 | D:6      | Reached skill level 1 in Evocations
  5336 | D:6      | Reached XP level 8. HP: 42/42 MP: 11/11
  5568 | D:7      | Reached skill level 1 in Spellcasting
  5821 | D:7      | Slain by a killer bee

Illustrated notes

Levels and vault maps discovered:
D:1:      noname_arrival_rooms_in_the_neighbourhood, layout_rooms, serial_shops,
          nicolae_shop_industrial_runoff, shapermc_ecumenical_altar_mp_vishouse
D:2:      layout_loops_corners
D:3:      layout_rooms, mainiacjoe_overflow_cross_hatched,
          mainiacjoe_overflow_small_starburst, uniq_robin, uniq_terence,
          uniq_crazy_yiuf_cottage
D:4:      layout_basic, nicolae_uskayaw_murder_on_the_dancefloor,
          minmay_temple_entry_waves, nicolae_ossuary_entry_plus, fountainhead
D:5:      layout_basic, serial_shops, shop, shop, nicolae_lakefront_shop,
          serial_curves, eino_curves_02, eino_curves_02, eino_curves_02,
          eino_curves_02, grunt_decor_one_mirror
D:6:      nicolae_cairo_tiling_large_dashed, layout_basic,
          minmay_fractal_squares_gapless_5
D:7:      layout_rooms, grunt_temple_overflow_growth_and_decay,
          palyth_stone_intersect, nicolae_elevator_lobby_plus

Skill      XL: |  1  2  3  4  5  6  7  8 |
---------------+-------------------------+-----
Dodging        | 3 4 5 6 |  6.5
Fighting       | 2 3 |  3.9
Ranged Weapons | 5 6 7 |  7.6
Invocations    | 1 2 3 |  3.7
Evocations     | 1 2 |  2.3
Spellcasting   | 2 |  2.1
Stealth        | |  1.5

Action                     |  1- 3 |  4- 6 |  7- 9 || total
---------------------------+-------+-------+-------++-------
  Melee: Shortbow          |       |     1 |     7 ||     8
   Fire: Shortbow          |    75 |   280 |   172 ||   527
 Invoke: Upheaval          |       |       |     2 ||     2
    Use: Potion            |       |     6 |     4 ||    10
         Scroll            |       |       |     7 ||     7
 Armour: Robe              |     4 |    13 |    24 ||    41
  Dodge: Dodged            |    14 |   133 |   163 ||   310
  Block: Other             |       |     3 |    19 ||    22
